 Dungeon Crawl Stone Soup version 0.21.1-1-g345015fe64 (webtiles) character file.

37 Kohma the Firebug (level 3, -4/35 HPs)
             Began as an Ogre Fire Elementalist on June 28, 2018.
             Killed by nerve-wracking pain
             ... invoked by an orc priest
              (10 damage)
             ... on level 2 of the Dungeon.
             The game lasted 00:04:38 (1208 turns).

Kohma the Firebug (Ogre Fire Elementalist)          Turns: 1208, Time: 00:04:39

Health: -4/35      AC:  3    Str: 12    XL:     3   Next: 39%
Magic:  1/7        EV: 10    Int: 17    God:
Gold:   58         SH:  0    Dex:  9    Spells: 6/7 levels left

rFire    . . .     SeeInvis .   q - +0 dagger (pain)
rCold    . . .     Gourm    .   (no shield)
rNeg     . . .     Faith    .   a - +0 robe
rPois    .         Spirit   .   (helmet restricted)
rElec    .         Reflect  .   (no cloak)
rCorr    .         Harm     .   (gloves unavailable)
MR       .....                  (boots unavailable)
Stlth    +.........             (no amulet)
HPRegen  0.11/turn              (no ring)
MPRegen  0.10/turn              (no ring)

@: no status effects
A: large, unfitting armour, tough skin 1
a: no special abilities


You were on level 2 of the Dungeon.
You were not hungry.

You visited 1 branch of the dungeon, and saw 2 of its levels.

You collected 58 gold pieces.

Inventory:

Hand Weapons
 q - a +0 dagger of pain (weapon)
Missiles
 l - 33 stones (quivered)
 m - 47 sling bullets
 p - 7 steel tomahawks
Armour
 a - a +0 robe (worn)
Jewellery
 i - an uncursed ring of flight {unknown}
 u - a cursed amulet of inaccuracy {unknown}
Scrolls
 d - a scroll of random uselessness {unknown}
 f - a scroll of remove curse {unknown}
 h - 3 scrolls of identify {unknown}
 j - a scroll of noise {unknown}
 n - a scroll of enchant armour {unknown}
 r - a scroll of fear {unknown}
 t - a scroll of amnesia {unknown}
Potions
 e - a potion of ambrosia {unknown}
 k - a potion of magic {unknown}
 o - a potion of brilliance {unknown}
 s - a potion of degeneration {unknown}
Books
 b - a book of Flames

   Spells                             Type                      Level
   a - Flame Tongue                   Conjuration/Fire             1
   b - Throw Flame                    Conjuration/Fire             2
   c - Conjure Flame                  Conjuration/Fire             3
   d - Inner Flame                    Hexes/Fire                   3
   e - Sticky Flame                   Conjuration/Fire             4
   f - Fireball                       Conjuration/Fire             5
Comestibles
 c - 2 rations
 g - a chunk of flesh


   Skills:
 * Level 2.1 Fighting
 - Level 1.7 Dodging
 - Level 1.4 Stealth
 + Level 2.7 Spellcasting
 + Level 1.3 Conjurations
 * Level 3.1 Fire Magic


You had 6 spell levels left.
You knew the following spells:

 Your Spells              Type           Power        Failure   Level  Hunger
a - Flame Tongue          Conj/Fire      ##...        7%          1    #......


Dungeon Overview and Level Annotations

Branches:
Dungeon (2/15)

Altars:
Zin


Innate Abilities, Weirdness & Mutations

You are too large for most types of armour.
You have tough skin. (AC +1)


Message History

Casting: Flame Tongue
Confirm with . or Enter, or press ? or * to list all spells.
Aiming: Flame Tongue
Press: ? - help, Shift-Dir - straight line, f - orc
Aim: an orc, wielding a dagger The flame tongue hits the orc.
You kill the orc!
The orc priest invokes the aid of Beogh against you.
Beogh smites you!
* * * LOW HITPOINT WARNING * * *
Casting: Flame Tongue
Confirm with . or Enter, or press ? or * to list all spells.
Aiming: Flame Tongue
Press: ? - help, Shift-Dir - straight line, f - orc
Aim: an orc, wielding a morningstar The flame tongue hits the orc.
You kill the orc!
The orc priest mumbles some strange prayers to Beogh against you.
Pain shoots through your body!
You die...

###### ####...# #$$##..##
#$$$#_.'. ###### #$$##..#.
#.?... ####...#.
#.....###################.
#.....)o.@........# #.
#.....####.########### ##.
....... #.# #.###..
####.#. #.# #.....# #.#.
#.# #.##### # #. #.# #.#
#. #.## #.# #. #..# #.#
##.# #>#


You could see an orc priest.

Vanquished Creatures
  An adder (D:2)
  An ooze (D:2)
  A dart slug (D:1)
  A leopard gecko (D:1)
  2 orcs (D:2)
  2 goblins
  A hobgoblin (D:2)
  3 kobolds (D:2)
  3 frilled lizards
  6 rats
21 creatures vanquished.

Notes
Turn   | Place    | Note
-------+----------+-------------------------------------------
     0 | D:1      | Kohma the Ogre Fire Elementalist began the quest for the Orb.
     0 | D:1      | Reached XP level 1. HP: 16/16 MP: 3/3
    14 | D:1      | Reached skill level 1 in Conjurations
   346 | D:1      | Reached skill level 1 in Fighting
   346 | D:1      | Reached XP level 2. HP: 27/27 MP: 1/5
   854 | D:2      | Reached skill level 3 in Fire Magic
  1103 | D:2      | Reached XP level 3. HP: 31/35 MP: 5/7
  1126 | D:2      | Found a glowing silver altar of Zin.
  1208 | D:2      | Killed from afar by an orc priest

Skill      XL: |  1  2  3 |
---------------+----------+-----
Conjurations   | 1 |  1.3
Fighting       | 1 2 |  2.1
Fire Magic     | 3 |  3.1
Dodging        | |  1.7
Stealth        | |  1.4
Spellcasting   | |  2.7

Action                   || total
-------------------------++-------
Melee: Short sword       ||     4
       Dagger            ||     4
 Cast: Flame Tongue      ||    35
  Eat: Chunk             ||     1
Armor: Robe              ||     3
Dodge: Dodged            ||    12
